 Dungeon Sprint DCSS version 0.21.0-24-g2553a33 (webtiles) character file.

66599 wojtek the Executioner (level 13, -13/137 HPs)
             Began as a Minotaur Berserker on Jan 21, 2018.
             Was an Elder of Trog.
             Killed from afar by Nikola (23 damage)
             ... with a chain lightning
             ... in the Dungeon (Sprint III: "The Ten Rune Challenge").
             The game lasted 00:17:48 (7244 turns).

wojtek the Executioner (Minotaur Berserker)         Turns: 7244, Time: 00:17:48

Health: -13/137    AC: 21    Str: 27    XL:     13   Next: 64%
Magic:  12/12      EV: 17    Int:  4    God:    Trog [****..]
Gold:   4897       SH:  0    Dex: 13    Spells: 12/12 levels left

rFire    . . .     SeeInvis .   w - +5 broad axe (chop)
rCold    . . .     Gourm    .   (no shield)
rNeg     . . .     Faith    .   y - +0 plate armour (curse)
rPois    .         Spirit   .   (helmet restricted)
rElec    .         Reflect  .   (no cloak)
rCorr    .         Harm     .   G - +1 pair of gloves {Dex+3}
MR       .....     NoTele   +   (no boots)
Stlth    ..........             (no amulet)
HPRegen  0.32/turn              (no ring)
MPRegen  0.13/turn              (no ring)

@: starving
A: retaliatory headbutt, horns 2
}: 2/10 runes: serpentine, barnacled
a: Berserk, Trog's Hand, Brothers in Arms, Burn Spellbooks, Renounce Religion


You were in the Dungeon.
You worshipped Trog.
Trog was greatly pleased with you.
You were starving.

You visited 1 branch You collected 5084 gold pieces.
You spent 187 gold pieces at shops.

Inventory:

Hand Weapons
 a - a +2 antimagic battleaxe
 v - a +3 vampiric battleaxe
 w - a +5 broad axe of chopping (weapon)
 x - a +1 antimagic war axe
 z - a +1 executioner's axe of venom
 C - a +2 antimagic battleaxe
 D - a +5 vampiric battleaxe
 E - a +4 antimagic battleaxe
 F - a +4 antimagic battleaxe
 H - the +5 battleaxe "Cism" {vamp, rF+ Str+4 SInv, unknown}
   (Trog gifted it to you in the Dungeon)

   It inflicts no extra harm, but heals its wielder when it wounds a living foe.
   It affects your strength (+4).
   It protects you from fire.
   It lets you see invisible.
 I - a +5 antimagic battleaxe
Missiles
 u - 2 throwing nets (quivered)
Armour
 y - a cursed +0 plate armour (worn)
 B - the +3 hat of Pondering {ponderous, MR+ MP+10 Int+5}
   (You took it off Gastronok in the Dungeon)

   It affects your intelligence (+5).
   It affects your resistance to hostile enchantments.
   It affects your magic capacity (+10).
 G - a +1 pair of gloves of dexterity (worn)
Wands
 b - a wand of paralysis (5)
Scrolls
 i - a scroll of blinking
 j - a scroll of enchant armour {unknown}
 m - a scroll of immolation {unknown}
 n - a scroll of identify {unknown}
 o - 2 scrolls of remove curse
 q - a scroll of holy word {unknown}
 r - a scroll of fog {unknown}
 s - a scroll of enchant weapon {unknown}
Potions
 d - a potion of curing
 e - a potion of heal wounds
 f - 2 potions of haste
 g - 2 potions of magic
 h - 2 potions of berserk rage
 k - 2 potions of might
 l - 4 potions of mutation {unknown}
 p - 3 potions of flight
 A - a potion of lignification {unknown}
Miscellaneous
 t - a fan of gales
Comestibles
 c - 9 rations


   Skills:
 + Level 19.2 Fighting
 * Level 25.2 Axes
 + Level 19.0 Armour
 + Level 17.7 Dodging


You had 12 spell levels left.
You didn't know any spells.

Dungeon Overview and Level Annotations

Branches:
Dungeon (1/1)

Altars:
Cheibriados
Dithmenos
Elyvilon
Fedhas
Gozag
Hepliaklqana
Kikubaaqudgha
Makhleb
Nemelex Xobeh
Okawaru
Qazlal
Ru
Sif Muna
Trog
Uskayaw
Vehumet
Wu Jian
Xom
Yredelemnul
Zin
The Shining One
Beogh
Jiyva
Lugonu

Shops:
D }%[}%(:

Annotations:
D Nikola


Innate Abilities, Weirdness & Mutations

You reflexively headbutt those who attack you in melee.
You have a pair of horns on your head.


Message History

You slice Nikola!!
Nikola is moderately wounded.
Your ogre hits Nikola with a giant club!!
You slice Nikola!!
Nikola is heavily wounded.
Your ogre closely misses Nikola.
Nikola hits you but does no damage.
You are electrocuted!
Unknown command.
You barely miss Nikola. Your headbutt misses Nikola.
Nikola is heavily wounded.
You hit Nikola but do no damage.
Nikola is heavily wounded.
Your ogre hits Nikola with a giant club.
Nikola mumbles some strange words.
You hear a mighty clap of thunder!
The lightning arc hits you!
* * * LOW HITPOINT WARNING * * *
The lightning arc hits Nikola.
The lightning arc hits your ogre. The lightning arc hits you!
You die...

#(......#
##.(...##
##...## ##'####
#)≈≈≈'#
#(≈≈.#..#
#.≈≈)#######+##
#.(≈.#.O@≈⌠...≈
+..≈≈'†@#
#≈≈≈.#..#
#....#..#
####'#### .#. #
#. #.


You could see Nikola and a friendly ogre (berserk).

Vanquished Creatures
  Sigmund (D)
  Rupert (D)
  Polyphemus (D)
  A storm dragon (D)
  Ilsuiw (D)
  A nagaraja (D)
  2 dire elephants (D)
  A merfolk javelineer (D)
  Erolcha (D)
  A hydra (D)
  2 anacondas (D)
  4 death yaks (D)
  Urug (D)
  2 skeletal warriors (D)
  A sea snake (D)
  A spriggan druid (D)
  An orange crystal statue (D)
  A deep elf mage (D)
  3 crystal guardians (D)
  A guardian serpent (D)
  2 black mambas (D)
  4 statues (D)
  Edmund (D)
  2 spiny frogs (D)
  A komodo dragon (D)
  A rime drake (D)
  3 wandering mushrooms (D)
  2 hornets (D)
  3 orc high priests (D)
  2 tyrant leeches (D)
  8 blink frogs (D)
  3 dream sheep (D)
  A shadow (D)
  2 spriggans (D)
  4 redbacks (D)
  2 nagas (D)
  A spatial vortex (D)
  3 water moccasins (D)
  A swamp drake (D)
  A necrophage (D)
  3 two-headed ogres (D)
  A water elemental (D)
  A scorpion (D)
  13 killer bees (D)
  An electric eel (D)
  A jelly (D)
  An orc wizard (D)
  A wizard (D)
  Jessica (D)
  A necromancer (D)
  3 humans (D)
  A kobold demonologist (D)
  An adder (D)
  2 oozes (D)
  An orc (D)
  A rat (D)
  4 ballistomycetes (D)
  2 plants (D)
114 creatures vanquished.

Vanquished Creatures (collateral kills)
  Gastronok (D)
  A mummy priest (D)
  A hydra (D)
  A naga warrior (D)
  An anaconda (D)
  An orc high priest (D)
  A shadow wraith (D)
  A death drake (D)
  A lindwurm (D)
  An orc sorcerer (D)
  A crystal guardian (D)
  2 elephants (D)
  2 black mambas (D)
  A queen bee (D)
  A redback (D)
  A water moccasin (D)
  3 orc warriors (D)
  2 two-headed ogres (D)
  19 killer bees (D)
  3 orc wizards (D)
  3 orc priests (D)
  6 orcs (D)
  A plant (D)
55 creatures vanquished.

Vanquished Creatures (others)
  2 draconian scorchers (D)
  2 yaktaurs (D)
  6 hellions (D)
  A hornet (D)
  An electric eel (D)
  A ball lightning (D)
  4 ballistomycetes (D)
  7 ballistomycete spores (D)
  13 plants (D)
37 creatures vanquished.

Grand Total: 206 creatures vanquished

Notes
Turn   | Place    | Note
-------+----------+-------------------------------------------
     0 | D        | wojtek the Minotaur Berserker began the quest for the Orb.
     0 | D        | Reached XP level 1. HP: 19/19 MP: 0/0
     4 | D        | Reached skill level 4 in Axes
     9 | D        | Reached XP level 2. HP: 25/27 MP: 1/1
    16 | D        | Noticed Jessica
    16 | D        | Reached ** piety under Trog
    24 | D        | Killed Jessica
    24 | D        | Reached skill level 5 in Fighting
    24 | D        | Reached skill level 6 in Axes
    24 | D        | Reached XP level 3. HP: 14/36 MP: 2/2
   101 | D        | Killed a hellion
   102 | D        | Killed a hellion
   113 | D        | Killed a hellion
   121 | D        | Killed a yaktaur
   150 | D        | Killed a hellion
   151 | D        | Killed a hellion
   154 | D        | Killed a white draconian scorcher
   164 | D        | Killed a hellion
   203 | D        | Killed a yaktaur
   222 | D        | Killed a white draconian scorcher
   312 | D        | Noticed a scorpion
   318 | D        | Killed a scorpion
   318 | D        | Reached *** piety under Trog
   318 | D        | Reached skill level 7 in Axes
   318 | D        | Reached skill level 5 in Armour
   318 | D        | Reached XP level 4. HP: 44/44 MP: 3/3
   348 | D        | Noticed a water elemental
   354 | D        | Killed a water elemental
   354 | D        | Reached skill level 8 in Axes
   354 | D        | Reached skill level 5 in Dodging
   354 | D        | Reached XP level 5. HP: 7/51 MP: 4/4
   614 | D        | Found a radiant altar of Vehumet.
   614 | D        | Found a deep blue altar of Sif Muna.
   614 | D        | Found an ancient bone altar of Kikubaaqudgha.
   615 | D        | Reached skill level 9 in Axes
   617 | D        | Reached **** piety under Trog
   659 | D        | Found a glowing silver altar of Zin.
   660 | D        | Found a glowing golden altar of the Shining One.
   660 | D        | Found a white marble altar of Elyvilon.
   660 | D        | Noticed a deep elf mage
   669 | D        | Noticed a demonic crawler
   669 | D        | Killed a deep elf mage
   669 | D        | Reached skill level 12 in Axes
   669 | D        | Reached XP level 6. HP: 63/63 MP: 5/5
   669 | D        | Reached XP level 7. HP: 70/70 MP: 6/6
   702 | D        | Found a hide-covered altar of Uskayaw.
   702 | D        | Found a roughly hewn altar of Beogh.
   702 | D        | Found an iron altar of Okawaru.
   702 | D        | Found a bloodstained altar of Trog.
   702 | D        | Found an ornate altar of the Wu Jian Council.
   702 | D        | Noticed a human
   702 | D        | Noticed a human
   708 | D        | Killed a human
   708 | D        | Reached ***** piety under Trog
   711 | D        | Killed a human
   764 | D        | Found a basalt altar of Yredelemnul.
   764 | D        | Found a shadowy altar of Dithmenos.
   764 | D        | Found a sacrificial altar of Ru.
   768 | D        | Reached skill level 10 in Fighting
   768 | D        | Reached skill level 13 in Axes
   832 | D        | Noticed a shadow
   834 | D        | Killed a shadow
   834 | D        | Reached XP level 8. HP: 79/79 MP: 7/7
   837 | D        | Reached skill level 10 in Armour
   903 | D        | Found a blossoming altar of Fedhas.
   903 | D        | Found a stormy altar of Qazlal.
   903 | D        | Found a snail-covered altar of Cheibriados.
   903 | D        | Found a burning altar of Makhleb.
   903 | D        | Found a shimmering altar of Xom.
   904 | D        | Found a hazy altar of Hepliaklqana.
   904 | D        | Found an opulent altar of Gozag.
   904 | D        | Found a sparkling altar of Nemelex Xobeh.
   904 | D        | Found a corrupted altar of Lugonu.
   904 | D        | Found a viscous altar of Jiyva.
   965 | D        | Reached skill level 14 in Axes
  1130 | D        | Noticed a two-headed ogre
  1147 | D        | Killed a two-headed ogre
  1147 | D        | Received a gift from Trog
  1252 | D        | Noticed a two-headed ogre
  1252 | D        | Noticed Erolcha
  1261 | D        | Killed Erolcha
  1261 | D        | Reached skill level 15 in Axes
  1261 | D        | Reached skill level 10 in Dodging
  1261 | D        | Reached XP level 9. HP: 90/90 MP: 8/8
  1265 | D        | Killed a two-headed ogre
  1466 | D        | Noticed an orc high priest
  1466 | D        | Reached skill level 16 in Axes
  1471 | D        | Killed an orc high priest
  1473 | D        | Noticed an orc sorcerer
  1475 | D        | Killed an orc sorcerer
  1475 | D        | Reached ****** piety under Trog
  1475 | D        | Received a gift from Trog
  1491 | D        | Received a gift from Trog
  1516 | D        | Found Tuzorph's Gadget Shop.
  1818 | D        | Noticed a queen bee
  1824 | D        | Killed a queen bee
  1824 | D        | Reached XP level 10. HP: 92/100 MP: 3/9
  1832 | D        | Reached skill level 17 in Axes
  1838 | D        | Received a gift from Trog
  1841 | D        | Received a gift from Trog
  1960 | D        | Received a gift from Trog
  1978 | D        | Received a gift from Trog
  2004 | D        | Received a gift from Trog
  2467 | D        | Noticed a spiny frog
  2467 | D        | Noticed a spiny frog
  2472 | D        | Reached skill level 18 in Axes
  2474 | D        | Killed a spiny frog
  2475 | D        | Killed a spiny frog
  2475 | D        | Received a gift from Trog
  2566 | D        | Received a gift from Trog
  2774 | D        | Noticed Rupert
  2785 | D        | Killed Rupert
  2785 | D        | Reached skill level 19 in Axes
  2785 | D        | Reached XP level 11. HP: 58/111 MP: 3/10
  2983 | D        | Noticed a dire elephant
  2988 | D        | Noticed Gastronok
  2990 | D        | Noticed an azure jelly
  2990 | D        | Noticed an azure jelly
  2990 | D        | Noticed an azure jelly
  2990 | D        | Noticed an azure jelly
  2998 | D        | Killed Gastronok
  2998 | D        | Reached skill level 15 in Fighting
  2998 | D        | Reached skill level 20 in Axes
  3005 | D        | Killed a dire elephant
  3005 | D        | Received a gift from Trog
  3005 | D        | Reached skill level 15 in Armour
  3018 | D        | Noticed a dire elephant
  3028 | D        | Killed a dire elephant
  3134 | D        | Noticed a death yak
  3136 | D        | Noticed a death yak
  3144 | D        | Noticed a death yak
  3144 | D        | Killed a death yak
  3147 | D        | Noticed a death yak
  3152 | D        | Killed a death yak
  3158 | D        | Killed a death yak
  3371 | D        | Reached skill level 21 in Axes
  3400 | D        | Received a gift from Trog
  3573 | D        | Killed a death yak
  3573 | D        | Reached XP level 12. HP: 111/122 MP: 11/11
  3628 | D        | Noticed an anaconda
  3629 | D        | Noticed an anaconda
  3634 | D        | Killed an anaconda
  3634 | D        | Reached skill level 15 in Dodging
  3637 | D        | Killed an anaconda
  3809 | D        | Noticed an anaconda
  3811 | D        | Received a gift from Trog
  3814 | D        | Killed an anaconda
  3815 | D        | Reached skill level 22 in Axes
  3832 | D        | Noticed a naga warrior
  3832 | D        | Noticed a nagaraja
  3843 | D        | Killed a nagaraja
  3847 | D        | Killed a naga warrior
  4048 | D        | Found Poupigab's Gadget Boutique.
  4048 | D        | Found Joelyij's Food Emporium.
  4050 | D        | Found Acith's Antique Armour Shop.
  4066 | D        | Received a gift from Trog
  4071 | D        | Got a serpentine rune of Zot
  4088 | D        | Bought a pair of glowing gloves for 187 gold pieces
  4216 | D        | Received a gift from Trog
  4498 | D        | Noticed Urug
  4505 | D        | Killed Urug
  4699 | D        | Noticed a six-headed hydra
  4699 | D        | Noticed a six-headed hydra
  4708 | D        | Killed an eight-headed hydra
  4711 | D        | Killed a nine-headed hydra
  4768 | D        | Found a blossoming altar of Fedhas.
  4780 | D        | Received a gift from Trog
  4780 | D        | Reached skill level 23 in Axes
  4873 | D        | Noticed Polyphemus
  4886 | D        | Killed Polyphemus
  5104 | D        | Noticed Ilsuiw
  5118 | D        | Killed Ilsuiw
  5118 | D        | Received a gift from Trog
  5118 | D        | Reached XP level 13. HP: 134/134 MP: 12/12
  5123 | D        | Found Sitsuv's Food Emporium.
  5386 | D        | Found Lyvuh's Antique Weapon Shop.
  5393 | D        | Found Wuxaler's Book Shoppe.
  5394 | D        | Noticed a merfolk javelineer
  5418 | D        | Killed a merfolk javelineer
  5526 | D        | Got a barnacled rune of Zot
  5620 | D        | Noticed Sigmund
  5620 | D        | Noticed Edmund
  5627 | D        | Killed Sigmund
  5627 | D        | Reached skill level 24 in Axes
  5630 | D        | Killed Edmund
  5865 | D        | Received a gift from Trog
  6359 | D        | Received a gift from Trog
  6360 | D        | Got a dazzling battleaxe {god gift}
  6832 | D        | Noticed a mummy priest
  6840 | D        | Killed a mummy priest
  7093 | D        | Reached skill level 25 in Axes
  7100 | D        | Noticed a storm dragon
  7233 | D        | Killed a storm dragon
  7234 | D        | Noticed Nikola
  7244 | D        | Killed from afar by Nikola

Skill      XL: |  1  2  3  4  5  6  7  8  9 10 11 12 13 |
---------------+----------------------------------------+-----
Fighting       | 4 5 6 9 10 11 12 14 16 17 19 | 19.2
Axes           | 4 6 7 8 12 13 15 16 19 21 23 25 | 25.2
Armour         | 3 4 5 6 8 9 11 12 14 16 17 19 | 19.0
Dodging        | 3 4 5 7 9 10 11 13 14 16 17 | 17.7

Action                   |  1- 3 |  4- 6 |  7- 9 | 10-12 | 13-15 || total
-------------------------+-------+-------+-------+-------+-------++-------
Melee: Hand axe          |    25 |     7 |    54 |       |       ||    86
       Headbutt          |    10 |     1 |    16 |    53 |    24 ||   104
       War axe           |       |       |    18 |    48 |       ||    66
       Executioner's axe |       |       |       |    23 |       ||    23
       Broad axe         |       |       |       |   148 |   106 ||   254
Invok: Berserk           |       |     2 |     4 |     1 |       ||     7
       Burn Spellbooks   |       |     1 |       |       |       ||     1
       Brothers in Arms  |       |       |     3 |    12 |     6 ||    21
  Use: Potion            |       |       |     1 |       |       ||     1
 Stab: Sleeping          |     1 |       |       |       |       ||     1
       Distracted        |       |       |       |     1 |       ||     1
  Eat: Ration            |       |     1 |       |     3 |     2 ||     6
       Chunk             |       |       |     5 |     6 |       ||    11
Armor: Animal skin       |     4 |       |     1 |       |       ||     5
       Scale mail        |       |       |     1 |       |       ||     1
       Plate armour      |       |       |     4 |    83 |    37 ||   124
Dodge: Dodged            |    16 |     3 |    28 |   111 |    78 ||   236
